 Dungeon Crawl Stone Soup version 0.23.2-1-ga50397a (webtiles) character file.

Game seed: 4790445121070055818

6853 doot the Zephyrmancer (level 11, -1/58 HPs)
             Began as a Tengu Air Elementalist on May 10, 2019.
             Was a Believer of Vehumet.
             Slain by an unseen horror (8 damage)
             ... on level 10 of the Dungeon.
             The game lasted 00:32:10 (13700 turns).

doot the Zephyrmancer (Tengu Air Elementalist)     Turns: 13700, Time: 00:32:11

Health: -1/58      AC:  3    Str: 10    XL:     11   Next: 6%
Magic:  44/49      EV: 16    Int: 22    God:    Vehumet [**....]
Gold:   477        SH:  0    Dex: 14    Spells: 14/29 levels left

rFire    . . .     SeeInvis .   b - staff of power
rCold    . . .     Gourm    .   (no shield)
rNeg     . . .     Faith    .   p - +0 robe
rPois    .         Spirit   .   (helmet restricted)
rElec    .         Reflect  .   (no cloak)
rCorr    .         Harm     .   r - +0 pair of gloves
MR       .....                  (boots unavailable)
Stlth    +++.......             z - amulet of regeneration
HPRegen  0.59/turn              P - +4 ring of intelligence
MPRegen  0.31/turn              A - ring of magical power

@: flying quickly and evasively, quick
A: beak, talons 3, able to fly
a: Stop Flying, Renounce Religion


You were on level 10 of the Dungeon.
You worshipped Vehumet.
Vehumet was pleased with you.
You were not hungry.

You visited 2 branches of the dungeon, and saw 11 of its levels.

You collected 477 gold pieces.

Inventory:

Hand Weapons
 a - the +6 halberd "Ypogym" {flame, rF+ Dex+3}
   (You found it on level 6 of the Dungeon)

   It has been specially enchanted to burn those struck by it, causing extra
   injury to most foes and up to half again as much damage against particularly
   susceptible opponents.
   Big, fiery blades are also staple armaments of hydra-hunters.
   It affects your dexterity (+3).
   It protects you from fire.
 o - a +1 battleaxe
Armour
 p - a +0 robe (worn)
 r - a +0 pair of gloves (worn)
Magical Staves
 b - an uncursed staff of power (weapon)
Jewellery
 d - an uncursed ring of poison resistance
 v - a +3 ring of strength
 z - an amulet of regeneration (around neck)
 A - a ring of magical power (right hand)
 C - an uncursed ring of resist corrosion
 G - an uncursed ring of protection from cold {unknown}
 P - a +4 ring of intelligence (left hand)
Wands
 g - a wand of enslavement (4)
 m - a wand of clouds (2)
 t - a wand of random effects (21)
 N - a wand of paralysis (8)
Scrolls
 e - 6 scrolls of remove curse
 f - a scroll of noise {unknown}
 i - 10 scrolls of identify
 n - 2 scrolls of enchant armour {unknown}
 q - 2 scrolls of amnesia
 s - a scroll of enchant weapon
 x - a scroll of blinking
 y - 2 scrolls of immolation {unknown}
 B - 2 scrolls of acquirement {unknown}
 D - 2 scrolls of magic mapping
 H - 3 scrolls of teleportation
 L - a scroll of fog {unknown}
Potions
 h - 3 potions of invisibility
 j - 2 potions of brilliance {unknown}
 k - 3 potions of curing {unknown}
 l - 3 potions of might {unknown}
 u - a potion of lignification {unknown}
 w - 2 potions of flight {unknown}
 E - a potion of resistance {unknown}
 F - a potion of degeneration {unknown}
 I - 2 potions of heal wounds {unknown}
 J - a potion of berserk rage {unknown}
 K - a potion of mutation {unknown}
 M - 2 potions of haste {unknown}
Comestibles
 c - 11 rations
 O - 2 chunks of flesh


   Skills:
 + Level 2.5 Fighting
 + Level 2.5(4.1) Axes
 + Level 5.2(5.5) Polearms
 + Level 3.7 Dodging
 + Level 4.3 Stealth
 + Level 9.8 Spellcasting
 + Level 5.9 Conjurations
 + Level 0.1 Charms
 + Level 12.4 Air Magic


You had 14 spell levels left.
You knew the following spells:

 Your Spells              Type           Power        Failure   Level  Hunger
a - Shock                 Conj/Air       ####         1%          1    None
b - Swiftness             Chrm/Air       #####...     1%          2    None
c - Static Discharge      Conj/Air       ######..     1%          3    None
d - Airstrike             Air            ######....   1%          4    ##.....
e - Lightning Bolt        Conj/Air       ######....   4%          5    ####...

Your spell library contained the following spells:

 Spells                   Type           Power        Failure   Level  Hunger
 Sting                    Conj/Pois      ###.         1%          1    None
 Sandblast                Erth           ##....       6%          1    None
 Petrify                  Tmut/Erth      ##......     52%         4    ##.....
 Statue Form              Tmut/Erth      ##.......    100%        6    ######.


Dungeon Overview and Level Annotations

Branches:
Dungeon (10/15)            Temple (1/1) D:6
   Lair: D:8-11         Orc: D:9-12

Altars:
Ashenzari
Cheibriados
Dithmenos
Elyvilon
Fedhas
Gozag
Hepliaklqana
Kikubaaqudgha
Makhleb
Nemelex Xobeh
Okawaru
Qazlal
Ru
Sif Muna
Trog
Uskayaw
Vehumet
Wu Jian
Xom
Yredelemnul
Zin
The Shining One

Annotations:
D:10 Erica


Innate Abilities, Weirdness & Mutations

You have a beak for a mouth.
You have claws for feet.
You can fly continuously.


Message History

Something hits you. Something hits you! Something hits you. x2
* * * LOW HITPOINT WARNING * * *
Something barely misses you. Something hits you.
* * * LOW HITPOINT WARNING * * *
Something barely misses you. Something hits you but does no damage.
Casting: Airstrike (safe; 1% risk of failure)
Confirm with . or Enter, or press ? or * to list all spells.
Aiming: Lightning Bolt (safe; 4% risk of failure)
Press: ? - help, Shift-Dir - straight line You hear a mighty clap of thunder!
The bolt of lightning hits something!!
You hear a howl!
You hear a shout!
You hear a bellow!
You hear an angry hiss.
You hear a bellow! x3
Something hits you!
* * * LOW HITPOINT WARNING * * *
Something hits you!
You die...

#.........#.##..#.....#...#...
#.........#.##..'.....#...'...
#######...#.....#....##...##..
#####...#######....#######..
#.......##..............##'#
.....#.......##..............#...
.....#.....รท.##..............#.##
.....######'###+#####'########.#
................@..............##
..##..####....###......#...##....
......####....# #......#...##.###
..............###......#...##.#
..............................#
.....#########'#######........#
.....# ..... #.#####..# .....#
........ #.# #..# .....# .......
.. #.# #..#


There were no monsters in sight!

Vanquished Creatures
  A two-headed ogre (D:10)
  5 hippogriffs
  Sigmund (D:4)
  3 wyverns
  A hungry ghost (D:8)
  An orc warrior (D:7)
  4 sky beasts
  An ice beast (D:9)
  2 necrophages (D:9)
  An eye of draining (D:9)
  2 ogres
  3 phantoms
  2 centaurs
  A big kobold (D:6)
  6 bullfrogs
  6 scorpions
  A wyvern skeleton (D:9)
  5 killer bees (D:7)
  7 wights (D:9)
  3 howler monkeys (D:9)
  6 crimson imps
  6 hounds
  2 bullfrog zombies
  2 jellies
  A centaur zombie (D:6)
  3 human zombies (D:9)
  A bullfrog skeleton (D:8)
  An orc priest (D:6)
  2 centaur skeletons
  4 iguanas
  13 orc wizards
  8 worker ants
  A statue (D:8)
  A hound skeleton (D:4)
  2 mummies (D:9)
  2 worker ant zombies
  4 gnolls (D:7)
  8 adders
  A howler monkey skeleton (D:4)
  2 shadow imps
  4 oozes
  An adder zombie (D:8)
  2 adder skeletons (D:9)
  5 worms
  5 dart slugs
  2 leopard geckos
  21 orcs
  9 bats
  8 giant cockroaches
  10 goblins
  14 hobgoblins
  12 jackals
  6 quokkas
  9 frilled lizards
  A jackal skeleton (D:8)
  13 kobolds
  A leopard gecko zombie (D:8)
  An orc zombie (D:9)
  8 rats
258 creatures vanquished.

Notes
Turn   | Place    | Note
-------+----------+-------------------------------------------
     0 | D:1      | doot the Tengu Air Elementalist began the quest for the
                  | Orb.
     0 | D:1      | Reached XP level 1. HP: 10/10 MP: 4/4
   120 | D:1      | Reached XP level 2. HP: 12/15 MP: 0/6
   176 | D:1      | Learned a level 2 spell: Swiftness
   303 | D:2      | Found a shimmering altar of Xom.
   306 | D:2      | Found a snail-covered altar of Cheibriados.
   309 | D:2      | Found a hazy altar of Hepliaklqana.
   394 | D:2      | Found a glowing golden altar of the Shining One.
   687 | D:2      | Reached XP level 3. HP: 19/19 MP: 2/7
   733 | D:2      | Learned a level 3 spell: Static Discharge
  1108 | D:2      | Reached skill level 5 in Air Magic
  1108 | D:2      | Reached XP level 4. HP: 24/24 MP: 1/8
  1521 | D:3      | Found a white marble altar of Elyvilon.
  1829 | D:4      | Gained mutation: You can fly continuously. [Tengu growth]
  1829 | D:4      | Reached XP level 5. HP: 24/28 MP: 2/10
  1924 | D:4      | Noticed Sigmund
  1938 | D:4      | Learned a level 4 spell: Airstrike
  1966 | D:3      | Noticed a phantom
  2625 | D:4      | Reached skill level 6 in Air Magic
  3095 | D:3      | Killed a phantom
  3095 | D:3      | Reached XP level 6. HP: 32/32 MP: 0/12
  3223 | D:4      | Reached skill level 1 in Axes
  3317 | D:4      | Found an iron altar of Okawaru.
  3494 | D:4      | Found a blossoming altar of Fedhas.
  3514 | D:5      | Entered Level 5 of the Dungeon
  3722 | D:5      | Reached XP level 7. HP: 34/36 MP: 14/14
  3919 | D:5      | Found a bloodstained altar of Trog.
  4206 | D:5      | Reached skill level 7 in Air Magic
  4568 | D:6      | Found a staircase to the Ecumenical Temple.
  4577 | Temple   | Entered the Ecumenical Temple
  5177 | D:6      | Got a smoking halberd
  5178 | D:6      | Identified the +6 halberd "Ypogym" {flame, rF+ Dex+3} (You
                  | found it on level 6 of the Dungeon)
  5199 | D:6      | Reached skill level 1 in Fighting
  5199 | D:6      | Reached skill level 5 in Spellcasting
  5201 | D:6      | Reached XP level 8. HP: 28/43 MP: 3/16
  5602 | D:4      | Killed Sigmund
  6153 | D:3      | Reached skill level 8 in Air Magic
  6180 | D:3      | Learned a level 5 spell: Lightning Bolt
  7601 | D:5      | Reached skill level 1 in Polearms
  8273 | D:6      | Reached XP level 9. HP: 43/48 MP: 13/18
  8790 | D:6      | Reached skill level 9 in Air Magic
  8798 | D:6      | Found a deep blue altar of Sif Muna.
  9109 | D:7      | Found a deep blue altar of Sif Muna.
  9978 | D:7      | Reached skill level 10 in Air Magic
 10786 | D:8      | Reached XP level 10. HP: 54/54 MP: 22/22
 11061 | D:8      | Found a radiant altar of Vehumet.
 11070 | D:8      | Became a worshipper of Vehumet
 11675 | D:8      | Reached skill level 5 in Conjurations
 11865 | D:9      | Reached * piety under Vehumet
 11865 | D:9      | Offered knowledge of Magic Dart by Vehumet.
 12017 | D:9      | Reached skill level 11 in Air Magic
 12211 | D:9      | Found a basalt altar of Yredelemnul.
 12335 | D:9      | Found a sacrificial altar of Ru.
 12460 | D:9      | Offered knowledge of Sting by Vehumet.
 12463 | D:9      | Reached ** piety under Vehumet
 12904 | D:9      | Identified the Disquisition on the Mountains and Air
 12923 | D:9      | Reached skill level 5 in Polearms
 13154 | D:10     | Entered Level 10 of the Dungeon
 13442 | D:10     | Reached skill level 12 in Air Magic
 13458 | D:10     | Noticed a two-headed ogre
 13471 | D:10     | Noticed Erica
 13498 | D:10     | Killed a two-headed ogre
 13498 | D:10     | Reached XP level 11. HP: 58/58 MP: 17/25
 13700 | D:10     | Slain by an unseen horror

Skill      XL: |  1  2  3  4  5  6  7  8  9 10 |
---------------+-------------------------------+-----
Conjurations   | 2 3 4 5 |  5.9
Air Magic      | 5 6 7 8 10 12 | 12.4
Spellcasting   | 3 4 5 7 9 |  9.8
Axes           | 1 2 |  2.5
Dodging        | 3 |  3.7
Fighting       | 1 2 |  2.5
Polearms       | 3 4 5 |  5.2
Stealth        | 3 4 |  4.3
Charms         | |  0.1

Action                   |  1- 3 |  4- 6 |  7- 9 | 10-12 || total
-------------------------+-------+-------+-------+-------++-------
Melee: Unarmed           |     3 |     4 |       |       ||     7
       Kick              |     1 |     6 |    18 |     3 ||    28
       Peck              |     1 |     4 |     7 |       ||    12
       Battleaxe         |       |    25 |    28 |       ||    53
       Halberd           |       |       |    88 |    12 ||   100
       Staff             |       |       |     1 |     3 ||     4
 Cast: Shock             |    60 |    69 |    42 |    35 ||   206
       Static Discharge  |     1 |    21 |     6 |     4 ||    32
       Airstrike         |       |    10 |    84 |    69 ||   163
       Swiftness         |       |     1 |       |     3 ||     4
       Lightning Bolt    |       |       |    10 |    19 ||    29
 Abil: Fly               |       |     1 |       |       ||     1
Evoke: Wand              |       |     1 |       |       ||     1
  Use: Scroll            |       |     5 |     2 |       ||     7
 Stab: Sleeping          |       |       |    13 |       ||    13
  Eat: Chunk             |     1 |    13 |    26 |    20 ||    60
       Ration            |       |       |     3 |       ||     3
Armor: Robe              |     9 |     8 |    17 |     3 ||    37
Dodge: Dodged            |    16 |    51 |    97 |    35 ||   199
